 Dungeon Crawl Stone Soup version 0.29-a0-824-gd827844252 (webtiles) character file.

Game seed: 8300914556735884873

1561 RepoMan the Slicer (level 8, -2/44 HPs)
             Began as a Deep Elf Brigand on July 9, 2022.
             Was an Initiate of Gozag.
             Killed by divine providence
             ... invoked by an orc priest
              (16 damage)
             ... on level 7 of the Dungeon.
             The game lasted 00:48:04 (6152 turns).

RepoMan the Slicer (Deep Elf Brigand)               Turns: 6152, Time: 00:48:05

Health: -2/44      AC:  5    Str: 14    XL:     8   Next: 58%
Magic:  10/10      EV: 13    Int: 17    God:    Gozag
Gold:   637        SH:  6    Dex: 24    Spells: 5/7 levels left

rFire   . . .      SeeInvis .   e - +7 dagger (protect)
rCold   . . .      Faith    .   i - +0 buckler
rNeg    . . .      Spirit   .   b - +0 robe
rPois   .          Reflect  .   D - +0 helmet
rElec   .          Harm     .   f - +0 cloak
rCorr   .          Rampage  .   (no gloves)
Will    .....                   y - +0 pair of boots
Stlth   ++++......              (no amulet)
HPRegen 0.14/turn               t - +6 ring of dexterity
MPRegen 0.12/turn               r - +6 ring of strength

@: mighty
A: no striking features
a: Renounce Religion, Potion Petition, Call Merchant, Bribe Branch


You were on level 7 of the Dungeon.
You worshipped Gozag.
Gozag was pleased with you.
You visited 2 branches of the dungeon, and saw 8 of its levels.

You collected 752 gold pieces.
You spent 55 gold pieces at shops.
You paid 60 gold pieces to Gozag.

Inventory:

Hand Weapons
 e - a +7 dagger of protection (weapon)
Missiles
 a - 15 poisoned darts (quivered)
Armour
 b - a +0 robe (worn)
 f - a +0 cloak (worn)
 i - a +0 buckler (worn)
 y - a +0 pair of boots (worn)
 D - a +0 helmet (worn)
Jewellery
 r - a +6 ring of strength (right hand)
 t - a +6 ring of dexterity (left hand)
Scrolls
 c - a scroll of immolation {unknown}
 h - a scroll of fog
 k - 2 scrolls of torment
 l - a scroll of vulnerability
 m - 4 scrolls of teleportation
 s - 2 scrolls of fear
 A - a scroll of poison {unknown}
 E - 2 scrolls of blinking
Potions
 g - a potion of magic
 j - 3 potions of flight
 n - a potion of degeneration {unknown}
 o - a potion of brilliance {unknown}
 p - 2 potions of heal wounds {unknown}
 q - a potion of attraction {unknown}
 v - 2 potions of might
 w - a potion of mutation {unknown}
 x - 2 potions of ambrosia {unknown}
 z - a potion of resistance {unknown}
 C - a potion of cancellation {unknown}


   Skills:
 + Level 1.9 Fighting
 * Level 8.8 Short Blades
 - Level 2.0 Throwing
 + Level 2.8 Dodging
 + Level 6.6 Stealth
 - Level 4.0 Shields


You had 5 spell levels left.
You knew the following spells:

 Your Spells              Type           Power      Damage    Failure   Level
b - Blink                 Tloc           0%         N/A       41%         2

Your spell library contained the following spells:

 Spells                   Type           Power      Damage    Failure   Level
 Foxfire                  Conj/Fire      0%         2x1d4     30%         1
 Conjure Flame            Conj/Fire      0%         6-21      65%         3
 Inner Flame              Hex/Fire       0%         N/A       65%         3
 Anguish                  Hex/Necr       0%         N/A       96%         4
 Flame Wave               Conj/Fire      0%         2d4       96%         4
 Manifold Assault         Tloc           0%         N/A       100%        5
 Enfeeble                 Hex            0%         N/A       100%        7
 Storm Form               Tmut/Air       0%         N/A       100%        7


Dungeon Overview and Level Annotations

Branches:
Dungeon (7/15)             Temple (1/1) D:4

Altars:
Ashenzari
Cheibriados
Dithmenos
Gozag
Hepliaklqana
Makhleb
Nemelex Xobeh
Qazlal
Trog
Uskayaw
Vehumet
Wu Jian
Zin
The Shining One

Shops:
D:2 *   D:6 [

Annotations:
D:3 2 runed translucent doors
D:6 exclusions: orc and orc priest, Sigmund


Message History

You feel a bit more experienced.
You now have 633 gold pieces (gained 5).
Things that are here:
a +0 dagger; a +0 robe
There is a stone staircase leading down here.
You start resting.
A scorpion is nearby!
You catch the helpless scorpion completely off-guard!
You spit the scorpion like a pig!!!
Your weapon exudes an aura of protection.
You kill the scorpion!
You now have 637 gold pieces (gained 4).
There is a stone staircase leading down here.
You start resting.
Sigmund is nearby!
You climb downwards.
You hear the roar of battle.
There is an entrance to a bailey on this level.
Hurry and find it before the portal closes forever!
You hear the faint creaking of a portcullis very nearby.
The orc hits you but does no damage.
There is a stone staircase leading up here.
The orc hits you with a +0 short sword.
The orc priest mumbles some strange prayers to Beogh against you.
Beogh smites you!
You closely miss the orc. You puncture the orc!
Your weapon exudes an aura of protection.
You kill the orc!
Okay, then.
Okay, then.
As you read the scroll of fog, it crumbles to dust.
The scroll dissolves into smoke.
The orc priest mumbles some strange prayers to Beogh against you.
Beogh smites you!
It was a potion of might.
You feel very mighty all of a sudden.
The orc priest invokes the aid of Beogh against you.
Beogh smites you!
You die...
Your body crumbles into a pile of gold.

#.....# #.....#
#.....############
#...o....#§o§....#
##....##.#§#####o#
.....!.#.#§# #.#
##....)#.#§# #.#
#......#.#§# #.#
#......#.#.# #@#
#)##.#.#[#$# #.#
+.......<..# #.#
#.##.#.##### #.#
#.#..#.# #.#
#.#.##.## #.#
#.......# #.#
###.....# #.#
#.....# #.#


You could see an orc priest.

Vanquished Creatures
  2 steam dragons
  A sky beast (D:6)
  A centaur (D:7)
  A kobold brigand (D:6)
  2 necrophages
  5 scorpions
  A gnoll sergeant (D:6)
  A jelly (D:5)
  2 hounds
  A gnoll bouda (D:5)
  7 orc wizards
  8 gnolls
  10 adders
  2 shadow imps
  2 ufetubi
  2 worms (D:2)
  6 dart slugs
  14 orcs
  13 bats
  7 endoplasms
  4 giant cockroaches
  4 goblins
  5 hobgoblins
  5 jackals
  9 kobolds
  4 quokkas
  6 ball pythons
  6 frilled lizards
  4 rats
135 creatures vanquished.

Notes
Turn   | Place    | Note
-------+----------+-------------------------------------------
     0 | D:1      | RepoMan the Deep Elf Brigand began the quest for the Orb.
     0 | D:1      | Reached XP level 1. HP: 12/12 MP: 3/3
   141 | D:1      | Reached skill level 5 in Stealth
   270 | D:1      | Reached XP level 2. HP: 15/16 MP: 4/4
   698 | D:1      | Reached skill level 3 in Short Blades
   976 | D:1      | Reached XP level 3. HP: 19/20 MP: 5/5
  1018 | D:2      | Found Suhyol's General Store.
  1045 | D:2      | Bought a scroll of identify for 22 gold pieces
  1045 | D:2      | Bought a scroll of teleportation for 33 gold pieces
  1382 | D:2      | Reached XP level 4. HP: 25/25 MP: 6/6
  1864 | D:3      | Reached skill level 1 in Shields
  1910 | D:3      | Found a snail-covered altar of Cheibriados.
  1951 | D:3      | Reached skill level 4 in Short Blades
  2096 | D:3      | Found a large runed translucent door.
  2097 | D:3      | Found a large runed translucent door.
  2356 | D:3      | Reached XP level 5. HP: 29/29 MP: 7/7
  2420 | D:3      | Found a faded altar of an unknown god.
  2751 | D:4      | Found a staircase to the Ecumenical Temple.
  2761 | Temple   | Entered the Ecumenical Temple
  2788 | Temple   | Became a worshipper of Gozag Ym Sagoz the Greedy
  3179 | D:4      | Reached skill level 5 in Short Blades
  3257 | D:4      | Noticed a steam dragon
  3273 | D:4      | Killed a steam dragon
  3274 | D:4      | Reached XP level 6. HP: 23/34 MP: 8/8
  3656 | D:5      | Entered Level 5 of the Dungeon
  3777 | D:5      | Learned a level 2 spell: Blink
  3830 | D:5      | Reached skill level 6 in Short Blades
  3999 | D:5      | Reached XP level 7. HP: 32/38 MP: 9/9
  4970 | D:5      | Reached skill level 7 in Short Blades
  5326 | D:6      | Reached XP level 8. HP: 43/43 MP: 10/10
  5341 | D:6      | Reached skill level 8 in Short Blades
  5374 | D:6      | Noticed Sigmund
  5414 | D:6      | Found Teur's Armour Shoppe.
  5466 | D:6      | Found a broken altar of Ashenzari.
  5779 | D:6      | Found a sparkling altar of Nemelex Xobeh.
  5891 | D:6      | Noticed a two-headed ogre
  6152 | D:7      | Killed from afar by an orc priest

Illustrated notes

Levels and vault maps discovered:
D:1:      giann_wishing_wells, layout_basic
D:2:      layout_rooms, serial_shops, nicolae_lakefront_shop, st_stairs_10,
          minmay_misc_feat_doors, corexii_shack
D:3:      layout_loops_cross, kennysheep_orc_sif_temple, jmf_multi_god_temple2,
          slow_altar_1, ebering_ecumenical_altar_petrified
D:4:      cheibrodos_helix_gallery, layout_basic, minmay_temple_entry_glass
D:5:      minmay_general_purpose_star, layout_basic, minmay_between
D:6:      layout_loops_ring, nemelex_spade_bored_becter,
          cheibrodos_ashenzari_chains, serial_shops, nicolae_shop_crystal,
          uniq_sigmund
D:7:      layout_basic, lemuel_doored_altar, mainiacjoe_overflow_alcove_4,
          enter_bailey_4, serial_shops, shop, doesnt_shop_hydraphobe
Temple:   chequers_temple_sunken

Skill      XL: |  1  2  3  4  5  6  7  8 |
---------------+-------------------------+-----
Stealth        | 5 6 |  6.6
Short Blades   | 3 4 5 6 7 8 |  8.8
Shields        | 1 2 3 4 |  4.0
Dodging        | 2 |  2.8
Fighting       | |  1.9
Throwing       | |  2.0

Action                   |  1- 3 |  4- 6 |  7- 9 || total
-------------------------+-------+-------+-------++-------
Melee: Dagger            |    59 |   130 |   130 ||   319
Throw: Dart              |    33 |    26 |    21 ||    80
Evoke: Wand              |       |     7 |     3 ||    10
  Use: Scroll            |     4 |     4 |     4 ||    12
       Potion            |       |     3 |     4 ||     7
 Stab: Sleeping          |    17 |    15 |     7 ||    39
       Invisible         |       |     1 |    10 ||    11
       Distracted        |       |       |     2 ||     2
Armor: Robe              |    17 |    23 |    16 ||    56
Dodge: Dodged            |    24 |    62 |    30 ||   116
Block: Buckler           |       |    29 |    30 ||    59

Table legend: (Time is in decaauts)
 A = Elapsed time spent in this place.
 B = Non-inter-level travel time spent in this place.
 C = Inter-level travel time spent in this place.
 D = Time resting spent in this place.
 E = Time spent auto-exploring this place.
 F = Levels seen in this place.
 G = Mean time per level.
                   A        B        C        D        E       F      G
               +--------+--------+--------+--------+--------+-----+--------+
         Total |   6077 |   5897 |    180 |    838 |   2301 |   8 |  759.6 |
       Dungeon |   6019 |   5864 |    155 |    838 |   2301 |   7 |  859.9 |
        Temple |     58 |     33 |     25 |      0 |      0 |   1 |   58.0 |
               +--------+--------+--------+--------+--------+-----+--------+

Top non-repeatable levels by time:
     D:5: 1681 daAuts
     D:1: 987 daAuts
     D:4: 959 daAuts
     D:2: 851 daAuts
     D:3: 814 daAuts
     D:6: 627 daAuts
     D:7: 98 daAuts
  Temple: 58 daAuts
